 Dungeon Crawl Stone Soup version 0.31-a0-202-g547052bce9 (webtiles) character file.

Game seed: 16357743094113483956

11113 qw the Markself (level 11, -2/67 HPs)
             Began as a Deep Elf Hunter on June 26, 2023.
             Was an Elder of Okawaru.
             Slain by a yak (9 damage)
             ... on level 11 of the Dungeon.
             The game lasted 00:04:36 (9761 turns).

qw the Markself (Deep Elf Hunter)                   Turns: 9761, Time: 00:04:37

Health: -2/67      AC: 12    Str: 12    XL:     11   Next: 45%
Magic:  17/17      EV: 22    Int: 15    God:    Okawaru [****..]
Gold:   743        SH:  0    Dex: 18    Spells: 10/10 levels left

rFire   + . .        Y - +0 orcbow
rCold   . . .        (shield currently unavailable)
rNeg    . . .        h - +0 troll leather armour
rPois   +            a - +2 hat
rElec   .            (no cloak)
rCorr   .            t - +0 pair of gloves
SInv    .            (no boots)
Will    +....        (no amulet)
Stlth   +++          b - +4 ring of protection
HPRegen 1.11/turn    k - ring of poison resistance
MPRegen 0.15/turn

%: no passive effects
@: heroic
A: fire resistance 1, passive freeze
a: Renounce Religion, Heroism, Finesse


You were on level 11 of the Dungeon.
You worshipped Okawaru.
Okawaru was greatly pleased with you.
You visited 2 branches of the dungeon, and saw 12 of its levels.

You collected 743 gold pieces.


Innate Abilities, Weirdness & Mutations

Your flesh is heat resistant. (rF+)
A frigid envelope surrounds you and freezes all who hurt you.


   Skills:
 + Level 7.4(12.4) Fighting
 - Level 16.0(21.0) Ranged Weapons
 - Level 2.0(7.0) Armour
 - Level 11.0(16.0) Dodging
 - Level 1.2(6.2) Stealth
 + Level 5.9 Invocations


You had 10 spell levels left.
You didn't know any spells.
Your spell library was empty.

Inventory:

Hand Weapons
 Y - a +0 orcbow (weapon)
Armour
 a - a +2 hat (worn)
 h - a +0 troll leather armour (worn)
 r - a +2 robe of fire resistance
 t - a +0 pair of gloves (worn)
Jewellery
 b - a +4 ring of protection (left hand)
 c - a +4 ring of slaying {mikee}
 k - a ring of poison resistance (right hand)
Wands
 l - a wand of digging (7)
Scrolls
 g - 2 scrolls of identify
Potions
 d - 4 potions of enlightenment
 e - a potion of resistance
 i - a potion of might
 j - a potion of curing
 m - a potion of magic
 o - a potion of mutation
 q - a potion of cancellation
 s - a potion of haste

Dungeon Overview and Level Annotations

Branches:
Dungeon (11/15)            Temple (1/1) D:7
   Lair: D:8-11         Orc: D:9-12

Altars:
Ashenzari
Cheibriados
Dithmenos
Elyvilon
Fedhas
Gozag
Hepliaklqana
Kikubaaqudgha
Makhleb
Nemelex Xobeh
Okawaru
Qazlal
Ru
Sif Muna
Trog
Uskayaw
Vehumet
Wu Jian
Xom
Yredelemnul
Zin
The Shining One

Annotations:
D:7 1 runed translucent door, qw's ghost, novice DEHu
D:8 exclusion: 10 wights
D:9 3 runed translucent doors, qw's ghost, novice DEHu
D:11 Lodul


Message History

You shoot an arrow. The arrow hits the yak!
The yak is almost dead.
The ogre hits you with a +0 giant club!!
The ogre is very cold.
The ogre is lightly wounded.
You shoot an arrow.
The arrow hits the yak but does no damage.
The yak is almost dead.
The yak misses you. The yak closely misses you.
The yak gores you but does no damage.
The yak is very cold.
The yak is almost dead.
You shoot an arrow. The arrow hits the yak!
You kill the yak!
Okawaru accepts your kill.
An ogre comes into view. It is wielding a +0 giant club.
The yak gores you but does no damage.
The yak is very cold.
The yak is moderately wounded.
The yak gores you but does no damage.
The yak is very cold.
The yak is lightly wounded.
The yak gores you but does no damage.
The yak is very cold.
The yak is lightly wounded.
You shoot an arrow. The arrow hits the ogre.
The ogre is severely wounded.
The yak misses you. The ogre misses you.
An ogre comes into view. It is wielding a +0 giant club.
The ogre hits you with a +0 giant spiked club!
The ogre is very cold.
The ogre is severely wounded.
The yak closely misses you. The yak misses you. The yak gores you.
The yak is very cold.
The yak is heavily wounded.
You shoot an arrow. The ogre shouts!
The arrow hits the ogre.
The ogre is severely wounded.
You shoot an arrow. The arrow hits the ogre.
You kill the ogre!
Okawaru accepts your kill. The yak closely misses you. The yak gores you!
You die...

..# ### #.# #.# #.# #.#
### #.# #.# #..
#####.###.# #.##
###.....##..# ...
P.......[..## #.#
.P.P....#.<# ##O##
P.P.P......###Y@)###.#
..............YYY.O..O.
..P.PP....####>.OO.O.O.
.####.PP..# #.........
+.....# ..........
#P..... ...........
#.P...# #..........
.PP.... ##.........
...P..# ##.######


You could see Lodul, 4 yaks and 6 ogres.

Vanquished Creatures
  Gastronok (D:9)
  3 two-headed ogres
  An unseen horror (D:6)
  A komodo dragon (D:10)
  2 trolls
  12 yaks
  A wraith (D:10)
  A wyvern (D:9)
  A steam dragon (D:10)
  3 vampire mosquitoes (D:10)
  A golden eye (shapeshifter) (D:10)
  An acid dragon (D:9)
  2 water moccasins
  2 ice beasts
  14 orc warriors
  A black bear (D:7)
  A centaur (D:9)
  3 ogres
  4 kobold brigands
  3 gnoll sergeants
  3 bullfrogs
  5 scorpions
  3 wights (D:8)
  6 killer bees
  2 howler monkeys
  2 orc priests
  10 hounds
  2 gnoll boudas
  6 iguanas
  4 orc wizards
  10 adders
  28 gnolls
  A white imp (D:7)
  2 ufetubi
  4 worms
  3 dart slugs
  32 orcs
  9 ball pythons
  A bat (D:1)
  11 endoplasms
  3 giant cockroaches
  5 hobgoblins
  6 jackals (D:10)
  9 quokkas
  4 frilled lizards
  13 goblins
  22 kobolds
  9 rats
  A spectral orc (D:3)
274 creatures vanquished.

Notes
Turn   | Place    | Note
-------+----------+-------------------------------------------
     0 | D:1      | qw the Deep Elf Hunter began the quest for the Orb.
     0 | D:1      | Reached XP level 1. HP: 12/12 MP: 3/3
     0 | D:1      | 0 ||| qw: Version: 0.3-a-22-g0ed2b0b
     0 | D:1      | 0 ||| qw: Game counter: 6037
     0 | D:1      | 0 ||| qw: Melee chars always use a shield: true
     0 | D:1      | 0 ||| qw: God list: Okawaru
     0 | D:1      | 0 ||| qw: Allow faded altars: false
     0 | D:1      | 0 ||| qw: Do Orc after clearing Dungeon:15 true
     0 | D:1      | 0 ||| qw: Do second Lair branch before Depths: true
     0 | D:1      | 0 ||| qw: Lair rune preference: random
     0 | D:1      | 0 ||| qw: Goals: Normal
     0 | D:1      | 0 ||| PLANNING D:1-11
   260 | D:1      | Reached XP level 2. HP: 16/16 MP: 4/4
   267 | D:1      | Reached skill level 6 in Ranged Weapons
   385 | D:1      | 385 ||| READING scroll labelled VUSYH IDISUUDY.
   386 | D:1      | 386 ||| DROPPING scroll of butterflies.
   567 | D:1      | Reached XP level 3. HP: 20/20 MP: 5/5
   877 | D:1      | 877 ||| READING scroll labelled UDDASITTIH.
   878 | D:1      | 878 ||| READING scroll labelled QIOTEMEWAE.
   879 | D:1      | 879 ||| READING scroll labelled QUDUOS ODUINECW.
  1019 | D:2      | Reached skill level 7 in Ranged Weapons
  1226 | D:2      | Reached XP level 4. HP: 25/25 MP: 6/6
  1640 | D:2      | Identified the +8 dagger "Hana" {protect, Str+2}
  1691 | D:2      | 1691 ||| READING scroll labelled ZER HOPEEFI.
  1692 | D:2      | 1692 ||| READING scroll labelled PESONK JIMAQA.
  1693 | D:2      | 1693 ||| DRINKING 2 lumpy coppery potions.
  1791 | D:3      | 1791 ||| UPGRADING to +0 ring mail.
  1804 | D:3      | 1804 ||| DROPPING +0 leather armour.
  1967 | D:3      | Reached skill level 8 in Ranged Weapons
  2099 | D:3      | Found a basalt altar of Yredelemnul.
  2258 | D:3      | Reached XP level 5. HP: 10/29 MP: 7/7
  2260 | D:3      | HP: 7/29 [poisoned by an adder]
  2845 | D:3      | 2845 ||| UPGRADING to +4 ring of protection.
  2846 | D:3      | 2846 ||| UPGRADING to ring of poison resistance.
  2847 | D:3      | 2847 ||| READING scroll labelled ELATHR MEIM ZOM.
  2848 | D:3      | 2848 ||| READING 2 scrolls labelled WOKETEBIKA.
  2849 | D:3      | 2849 ||| READING 2 scrolls of identify.
  2849 | D:3      | 2849 ||| IDENTIFYING gluggy clear potion
  2850 | D:3      | 2850 ||| DROPPING scroll of noise.
  2885 | D:4      | Reached skill level 9 in Ranged Weapons
  2901 | D:4      | 2901 ||| FLEEEEING.
  2904 | D:4      | 2904 ||| STAIRDANCE
  2970 | D:4      | Reached XP level 6. HP: 16/35 MP: 8/8
  3144 | D:4      | Reached skill level 10 in Ranged Weapons
  3211 | D:4      | Reached skill level 3 in Dodging
  3412 | D:4      | 3412 ||| READING scroll labelled EMIXYO QEROOWEGIEV.
  3428 | D:5      | Entered Level 5 of the Dungeon
  3480 | D:5      | 3480 ||| SWAPPING to +0 orcbow.
  3481 | D:5      | 3481 ||| DROPPING +1 shortbow of flaming.
  3559 | D:5      | Reached XP level 7. HP: 40/40 MP: 9/9
  3851 | D:5      | Reached skill level 11 in Ranged Weapons
  4147 | D:5      | Found a burning altar of Makhleb.
  4267 | D:5      | 4267 ||| UPGRADING to amulet of guardian spirit.
  4272 | D:5      | 4272 ||| READING scroll labelled WUIRPH NEOSHEA.
  4273 | D:5      | 4273 ||| READING scroll labelled YSHEAMISTU.
  4277 | D:5      | 4277 ||| READING 2 scrolls labelled OBRYORGHOIFO.
  4278 | D:5      | 4278 ||| DRINKING 2 fizzy inky potions.
  4278 | D:5      | Gained mutation: Your flesh is heat resistant. (rF+)
                  | [potion of mutation]
  4278 | D:5      | Gained mutation: A frigid envelope surrounds you and
                  | freezes all who hurt you. [potion of mutation]
  4279 | D:5      | 4279 ||| READING 2 scrolls of identify.
  4279 | D:5      | 4279 ||| IDENTIFYING fuming grey potion
  4280 | D:5      | 4280 ||| DROPPING scroll of summoning.
  4664 | D:6      | Found a stormy altar of Qazlal.
  4694 | D:6      | 4694 ||| Stepping randomly (disturbance).
  4694 | D:6      | Killed an unseen horror
  4695 | D:6      | Reached skill level 12 in Ranged Weapons
  4701 | D:6      | Reached skill level 1 in Armour
  4819 | D:6      | Reached XP level 8. HP: 45/45 MP: 10/10
  4940 | D:6      | Found a sparkling altar of Nemelex Xobeh.
  4940 | D:6      | Found an opulent altar of Gozag.
  5091 | D:6      | 5091 ||| UPGRADING to +0 pair of gloves.
  5096 | D:6      | 5096 ||| READING scroll labelled JULOXT BUNOXO.
  5097 | D:6      | 5097 ||| DRINKING 2 ruby potions.
  5098 | D:6      | 5098 ||| DRINKING 2 dark potions.
  5099 | D:6      | 5099 ||| READING 2 scrolls of identify.
  5099 | D:6      | 5099 ||| IDENTIFYING green potion
  5100 | D:6      | 5100 ||| DROPPING potion of magic.
  5101 | D:6      | 5101 ||| DROPPING potion of brilliance.
  5102 | D:6      | 5102 ||| DROPPING potion of degeneration.
  5166 | D:7      | Reached skill level 3 in Fighting
  5235 | D:7      | Reached skill level 13 in Ranged Weapons
  5250 | D:7      | Found a hide-covered altar of Uskayaw.
  5252 | D:7      | Noticed a +0 hand axe
  5253 | D:7      | Noticed a +0 hand axe
  5657 | D:7      | Found a runed translucent door.
  5657 | D:7      | Noticed a cyclops
  5657 | D:7      | Noticed qw's ghost (novice DEHu)
  5680 | D:7      | Found a staircase to the Ecumenical Temple.
  5681 | D:7      | 5681 ||| PLANNING TEMPLE
  5933 | D:7      | Found a sacrificial altar of Ru.
  6134 | D:7      | 6134 ||| READING scroll labelled SAUCZI MALY.
  6199 | D:7      | 6199 ||| DRINKING 2 grey potions.
  6200 | D:7      | 6200 ||| READING 3 scrolls of identify.
  6200 | D:7      | 6200 ||| IDENTIFYING white potion
  6201 | D:7      | 6201 ||| READING 2 scrolls of identify.
  6201 | D:7      | 6201 ||| IDENTIFYING purple potion
  6243 | D:8      | Found a bloodstained altar of Trog.
  6257 | D:8      | 6257 ||| FLEEEEING.
  6258 | D:8      | 6258 ||| FLEEEEING.
  6259 | D:8      | 6259 ||| FLEEEEING.
  6260 | D:8      | 6260 ||| FLEEEEING.
  6261 | D:8      | 6261 ||| FLEEEEING.
  6262 | D:8      | 6262 ||| FLEEEEING.
  6263 | D:8      | 6263 ||| FLEEEEING.
  6264 | D:8      | 6264 ||| FLEEEEING.
  6265 | D:8      | 6265 ||| FLEEEEING.
  6266 | D:8      | 6266 ||| FLEEEEING.
  6267 | D:8      | 6267 ||| FLEEEEING.
  6282 | D:8      | 6282 ||| STAIRDANCE
  6286 | D:8      | 6286 ||| STAIRDANCE
  6290 | D:8      | 6290 ||| STAIRDANCE
  6294 | D:8      | 6294 ||| STAIRDANCE
  6298 | D:8      | 6298 ||| STAIRDANCE
  6302 | D:8      | 6302 ||| STAIRDANCE
  6306 | D:8      | 6306 ||| STAIRDANCE
  6310 | D:8      | 6310 ||| STAIRDANCE
  6314 | D:8      | 6314 ||| STAIRDANCE
  6318 | D:8      | 6318 ||| STAIRDANCE
  6322 | D:8      | 6322 ||| STAIRDANCE
  6326 | D:8      | 6326 ||| STAIRDANCE
  6330 | D:8      | 6330 ||| STAIRDANCE
  6334 | D:8      | 6334 ||| STAIRDANCE
  6338 | D:8      | 6338 ||| STAIRDANCE
  6342 | D:8      | 6342 ||| STAIRDANCE
  6346 | D:8      | 6346 ||| STAIRDANCE
  6350 | D:8      | 6350 ||| STAIRDANCE
  6354 | D:8      | 6354 ||| STAIRDANCE
  6358 | D:8      | 6358 ||| STAIRDANCE
  6366 | D:8      | 6366 ||| FLEEEEING.
  6371 | D:8      | 6371 ||| FLEEEEING.
  6412 | Temple   | Entered the Ecumenical Temple
  6413 | Temple   | 6413 ||| PLANNING OKAWARU WORSHIP
  6417 | Temple   | Became a worshipper of Warmaster Okawaru
  6418 | Temple   | 6418 ||| PLANNING D:1-11
  6418 | Temple   | 6418 ||| REMOVING amulet of guardian spirit.
  6423 | Temple   | 6423 ||| DROPPING amulet of guardian spirit.
  6430 | D:7      | 6430 ||| Stepping randomly (stuck).
  6794 | D:8      | 6794 ||| DROPPING ring of protection from cold.
  6805 | D:8      | 6805 ||| READING 6 scrolls of identify.
  6805 | D:8      | 6805 ||| IDENTIFYING viscous coppery potion
  6811 | D:8      | 6811 ||| FLEEEEING.
  6812 | D:8      | 6812 ||| FLEEEEING.
  6814 | D:8      | Reached skill level 14 in Ranged Weapons
  6825 | D:8      | 6825 ||| FLEEEEING.
  7116 | D:8      | Reached XP level 9. HP: 50/50 MP: 11/11
  7680 | D:8      | 7680 ||| READING 5 scrolls of identify.
  7680 | D:8      | 7680 ||| IDENTIFYING black potion
  7681 | D:8      | 7681 ||| READING 4 scrolls of identify.
  7681 | D:8      | 7681 ||| IDENTIFYING sedimented brown potion
  7686 | D:8      | 7686 ||| DROPPING potion of lignification.
  7687 | D:8      | 7687 ||| DROPPING potion of ambrosia.
  7693 | D:9      | Noticed a centaur warrior
  7693 | D:9      | Found a runed translucent gate.
  7710 | D:9      | Noticed a two-headed ogre
  7718 | D:9      | Killed a two-headed ogre
  7718 | D:9      | Reached * piety under Okawaru
  7719 | D:9      | Reached skill level 15 in Ranged Weapons
  7719 | D:9      | 7719 ||| INVOKING Heroism.
  7723 | D:9      | Reached skill level 1 in Invocations
  7833 | D:9      | Noticed a centaur warrior
  7841 | D:9      | Noticed qw's ghost (novice DEHu)
  7850 | D:9      | 7850 ||| INVOKING Heroism.
  7853 | D:9      | Reached ** piety under Okawaru
  7854 | D:9      | Reached skill level 3 in Invocations
  7864 | D:9      | Noticed a troll
  7942 | D:9      | Noticed a tengu warrior
  7979 | D:9      | Noticed a troll
  7980 | D:9      | 7980 ||| INVOKING Heroism.
  7987 | D:9      | HP: 12/52 [troll (3)]
  7987 | D:9      | Killed a troll
  7988 | D:9      | Reached skill level 16 in Ranged Weapons
  8133 | D:9      | Found a hazy altar of Hepliaklqana.
  8163 | D:9      | 8163 ||| INVOKING Heroism.
  8180 | D:9      | Reached XP level 10. HP: 58/58 MP: 15/15
  8191 | D:9      | 8191 ||| INVOKING Heroism.
  8201 | D:9      | Reached skill level 6 in Dodging
  8269 | D:9      | Found a runed translucent gate.
  8269 | D:9      | Found a runed translucent gate.
  8278 | D:9      | 8278 ||| INVOKING Heroism.
  8327 | D:9      | 8327 ||| FLEEEEING.
  8328 | D:9      | 8328 ||| STAIRDANCE
  8369 | D:8      | 8369 ||| UPGRADING to +0 troll leather armour.
  8379 | D:8      | 8379 ||| DROPPING +0 ring mail.
  8393 | D:9      | 8393 ||| STAIRDANCE
  8618 | D:9      | 8618 ||| READING 3 scrolls of identify.
  8618 | D:9      | 8618 ||| IDENTIFYING bubbling amethyst potion
  8619 | D:9      | 8619 ||| DROPPING potion of invisibility.
  8644 | D:10     | Entered Level 10 of the Dungeon
  8644 | D:10     | Noticed Gastronok
  8645 | D:10     | 8645 ||| INVOKING Heroism.
  8653 | D:10     | 8653 ||| STAIRDANCE
  8663 | D:9      | 8663 ||| INVOKING Heroism.
  8701 | D:10     | 8701 ||| INVOKING Heroism.
  8706 | D:10     | 8706 ||| STAIRDANCE
  8708 | D:9      | HP: 14/59 [yak (4)]
  8709 | D:9      | 8709 ||| DRINKING 2 potions of heal wounds.
  8757 | D:10     | 8757 ||| INVOKING Heroism.
  8762 | D:10     | 8762 ||| STAIRDANCE
  8770 | D:9      | HP: 4/59 [Gastronok (28)]
  8771 | D:9      | 8771 ||| DRINKING potion of heal wounds.
  8777 | D:9      | Killed Gastronok
  8777 | D:9      | Reached *** piety under Okawaru
  8812 | D:9      | 8812 ||| UPGRADING to +2 hat.
  8821 | D:10     | 8821 ||| INVOKING Heroism.
  8928 | D:10     | 8928 ||| Stepping ~*~*~tactically~*~*~ (outnumbered).
  8929 | D:10     | 8929 ||| Stepping ~*~*~tactically~*~*~ (outnumbered).
  8947 | D:10     | 8947 ||| INVOKING Heroism.
  8954 | D:10     | Reached **** piety under Okawaru
  9008 | D:10     | 9008 ||| INVOKING Heroism.
  9017 | D:10     | 9017 ||| Stepping ~*~*~tactically~*~*~ (outnumbered).
  9018 | D:10     | Reached skill level 6 in Fighting
  9028 | D:10     | Reached XP level 11. HP: 56/64 MP: 16/16
  9040 | D:10     | 9040 ||| INVOKING Heroism.
  9046 | D:10     | HP: 13/64 [orc priest/divine providence (14)]
  9047 | D:10     | 9047 ||| DRINKING potion of heal wounds.
  9080 | D:10     | 9080 ||| INVOKING Heroism.
  9139 | D:10     | Found a glowing golden altar of the Shining One.
  9157 | D:10     | Noticed a two-headed ogre
  9158 | D:10     | 9158 ||| INVOKING Heroism.
  9168 | D:10     | Killed a two-headed ogre
  9188 | D:10     | Noticed a two-headed ogre
  9189 | D:10     | 9189 ||| INVOKING Heroism.
  9197 | D:10     | Killed a two-headed ogre
  9211 | D:10     | Found a shadowy altar of Dithmenos.
  9211 | D:10     | Found an ornate altar of the Wu Jian Council.
  9241 | D:10     | 9241 ||| INVOKING Heroism.
  9351 | D:10     | 9351 ||| INVOKING Heroism.
  9408 | D:10     | 9408 ||| Stepping ~*~*~tactically~*~*~ (outnumbered).
  9487 | D:10     | 9487 ||| DROPPING amulet of magic regeneration.
  9488 | D:10     | 9488 ||| Stepping randomly (disturbance).
  9489 | D:10     | 9489 ||| Stepping randomly (disturbance).
  9490 | D:10     | 9490 ||| Stepping randomly (disturbance).
  9616 | D:10     | Found a glowing silver altar of Zin.
  9616 | D:10     | Found a white marble altar of Elyvilon.
  9692 | D:10     | 9692 ||| READING 3 scrolls of identify.
  9692 | D:10     | 9692 ||| IDENTIFYING murky emerald potion
  9693 | D:10     | 9693 ||| DROPPING potion of berserk rage.
  9744 | D:11     | 9744 ||| INVOKING Heroism.
  9750 | D:11     | Noticed Lodul
  9759 | D:11     | HP: 11/67 [ogre/+0 giant spiked club[Lodul] (16)]
  9759 | D:11     | HP: 5/67 [yak (6)]
  9761 | D:11     | Slain by a yak

Levels and vault maps discovered:
D:1:      saegor_arrival_simple_d, layout_basic, minmay_misc_feat_pillars
D:2:      layout_basic
D:3:      layout_basic, yredelemnul_forgotten_temple_becter, serial_glass,
          glass_columns_c, glass_columns_a, palyth_stone_intersect,
          minmay_quadrilaterals
D:4:      layout_rooms
D:5:      layout_loops_corners, kennysheep_mini_moat
D:6:      nicolae_cairo_tiling_large_dashed, layout_cave_pods,
          grunt_temple_overflow_opulence, nicolae_qazlal_scattered_showers,
          minmay_microvault
D:7:      layout_loops_corners, mainiacjoe_overflow_small_starburst,
          dancing_weapons_uskayaw, minmay_temple_entry_from_below_a,
          ebering_ghost_inner_flame
D:8:      minmay_weird_star, layout_loops_corners, amcnicky_altar_gilded
D:9:      layout_rooms, marbit_many_paths, gammafunk_ghost_split
D:10:     layout_cave_pools, dreamdust_divine_triumvirate,
          chequers_temple_overflow_statue_of_worship, serial_gnoll_camp,
          gnoll_camp_medium_02, gnoll_camp_mini_doghouse,
          gnoll_camp_mini_doghouse, gnoll_camp_mini_doghouse, special_room
          [special_room_orc], uniq_gastronok
D:11:     layout_loops_ring, grunt_lair_entry_orc_guard_hut, zombieorc1_lemuel,
          dk_noncrumbling_3, kennysheep_big_empty_room, kennysheep_nondescript,
          uniq_lodul
Temple:   hellmonk_temple_micro_hex

Skill      XL: |  1  2  3  4  5  6  7  8  9 10 11 |
---------------+----------------------------------+-----
Ranged Weapons | 6 7 8 9 10 12 14 16 | 16.0
Fighting       | 2 3 4 6 7 |  7.4
Dodging        | 3 4 5 10 11 | 11.0
Armour         | 1 2 |  2.0
Invocations    | 4 5 |  5.9
Stealth        | |  1.2

Action                     |  1- 3 |  4- 6 |  7- 9 | 10-12 || total
---------------------------+-------+-------+-------+-------++-------
   Fire: Shortbow          |   117 |   167 |       |       ||   284
         Orcbow            |       |     8 |   244 |   410 ||   662
 Invoke: Heroism           |       |       |     4 |    16 ||    20
    Use: Scroll            |     4 |     6 |    12 |     2 ||    24
         Potion            |       |     1 |     4 |     3 ||     8
 Armour: Leather armour    |    10 |       |       |       ||    10
         Ring mail         |       |    21 |    39 |     3 ||    63
         Troll leather arm |       |       |       |    74 ||    74
  Dodge: Dodged            |    21 |    42 |    68 |   333 ||   464

Table legend:
 A = Non-vault XP
 B = Vault XP
 C = Vault XP percentage of total XP
 D = Non-vault monster count
 E = Vault monster count
 F = Vault count percentage of total count
                 A         B        C        D         E       F
            +---------+---------+-------+---------+---------+-------
      Total |   11758 |    4240 |  26.5 |     203 |      71 |  25.9
            +---------+---------+-------+---------+---------+-------
        D:1 |      47 |       0 |   0.0 |      26 |       0 |   0.0
        D:2 |      80 |       0 |   0.0 |      27 |       0 |   0.0
        D:3 |     103 |      31 |  23.1 |      15 |       6 |  28.6
        D:4 |     355 |       0 |   0.0 |      18 |       0 |   0.0
        D:5 |     290 |       0 |   0.0 |       9 |       0 |   0.0
        D:6 |     266 |     374 |  58.4 |       4 |       1 |  20.0
        D:7 |     711 |       0 |   0.0 |      11 |       0 |   0.0
        D:8 |    1066 |       0 |   0.0 |      32 |       0 |   0.0
        D:9 |    4824 |    1526 |  24.0 |      36 |       2 |   5.3
       D:10 |    3493 |    1908 |  35.3 |      23 |      58 |  71.6
       D:11 |     523 |     401 |  43.4 |       2 |       4 |  66.7
            +---------+---------+-------+---------+---------+-------
